 Dungeon Crawl Stone Soup version 0.26.1-11-gd32895ea62 (webtiles) character file.

Game seed: 3075750552975625

37 yleandro the Magician (level 3, -11/28 HPs)
             Began as a Gnoll Wanderer on July 6, 2021.
             Mangled by Sigmund
             ... wielding a +0 scythe
              (14 damage)
             ... on level 2 of the Dungeon.
             The game lasted 00:08:50 (1201 turns).

yleandro the Magician (Gnoll Wanderer)              Turns: 1201, Time: 00:08:51

Health: -11/28     AC:  3    Str: 16    XL:     3   Next: 41%
Magic:  9/9        EV: 11    Int: 12    God:
Gold:   58         SH:  0    Dex: 15    Spells: 11/12 levels left

rFire    . . .     SeeInvis .   a - +2 mace
rCold    . . .     Faith    .   (no shield)
rNeg     . . .     Spirit   .   d - +0 robe
rPois    .         Reflect  .   (no helmet)
rElec    .         Harm     .   (no cloak)
rCorr    .         Rampage  .   o - +0 pair of gloves
Will     .....                  (no boots)
Stlth    +.........             (no amulet)
HPRegen  0.09/turn              (no ring)
MPRegen  0.11/turn              (no ring)

@: confused
A: distributed training, fangs 1, strong nose
a: no special abilities


You were on level 2 of the Dungeon.
You visited 1 branch of the dungeon, and saw 2 of its levels.

You collected 58 gold pieces.

Inventory:

Hand Weapons
 a - a +2 mace (weapon)
 b - a +0 hunting sling
 f - a +0 dagger
 h - a +0 club
 i - a +0 dagger
 j - a +0 club
 k - a +0 club
 l - a +2 dagger of speed
 n - a +0 club
 p - a +0 whip
Missiles
 g - 42 stones
Armour
 d - a +0 robe (worn)
 o - a +0 pair of gloves (worn)
Scrolls
 m - a scroll of remove curse {unknown}
Potions
 c - a potion of curing
 e - a potion of flight {unknown}
 q - a potion of brilliance {unknown}


   Skills:
 + Level 2.6 Fighting
 + Level 0.8 Short Blades
 + Level 0.8 Long Blades
 + Level 0.8 Axes
 + Level 2.6 Maces & Flails
 + Level 0.8 Polearms
 + Level 0.8 Staves
 + Level 0.8 Slings
 + Level 0.8 Bows
 + Level 0.8 Crossbows
 + Level 2.6 Throwing
 + Level 2.6 Armour
 + Level 0.8 Dodging
 + Level 2.4 Stealth
 + Level 0.8 Shields
 + Level 0.8 Unarmed Combat
 + Level 5.0 Spellcasting
 + Level 3.7 Conjurations
 + Level 0.5 Hexes
 + Level 0.5 Summonings
 + Level 0.5 Necromancy
 + Level 0.5 Translocations
 + Level 0.5 Transmutations
 + Level 0.5 Fire Magic
 + Level 0.5 Ice Magic
 + Level 0.5 Air Magic
 + Level 2.1 Earth Magic
 + Level 0.5 Poison Magic
 + Level 1.0 Invocations
 + Level 0.8 Evocations


You had 11 spell levels left.
You knew the following spells:

 Your Spells              Type           Power        Failure   Level
a - Freeze                Ice            16%          16%         1

Your spell library contained the following spells:

 Spells                   Type           Power        Failure   Level
 Ozocubu's Armour         Ice            4%           43%         3


Dungeon Overview and Level Annotations

Branches:
Dungeon (2/15)

Altars:

Annotations:
D:2 Sigmund


Innate Abilities, Weirdness & Mutations

Your experience applies equally to all skills.
You have very sharp teeth.
Your uncanny sense of smell can sniff out nearby items.


Message History

Sigmund casts a spell at himself.
Sigmund flickers and vanishes!
Deactivating autopickup; reactivate with Ctrl-A.
You hear some strange, mumbled words.
You are more confused.
Something hits you!
You sock something!
A hobgoblin comes into view. It is wielding a +0 club.
Something hits you.
The hobgoblin shouts!
You hear an angry hiss.
You hear some strange, mumbled words.
Something tries to affect you, but you resist.
You bump into the rock wall.
You miss something. Something hits you!
You bump into the rock wall.
Something hits you!
* * * LOW HITPOINT WARNING * * *
You bump into the rock wall.
You're too confused to move!
Something hits you!
Ouch! That really hurt!
You die...

.#
###.#####.#
#.# ## #.#
#.# #.# ..#
#.# #.# #.#
#r# #.# #..
..# #># #.#
#.#
##.#####.####
#...g{@.....#
#.######.##.#
...# # ...≈#
≈≈≈≈..
≈≈≈≈..##
≈≈≈≈≈..#
.♣♣≈≈≈...


You could see a hobgoblin.

Vanquished Creatures
  An adder (D:2)
  3 dart slugs (D:1)
  5 goblins
  4 hobgoblins
  3 jackals (D:2)
  2 bats (D:1)
  A kobold (D:1)
  2 rats (D:1)
21 creatures vanquished.

Notes
Turn   | Place    | Note
-------+----------+-------------------------------------------
     0 | D:1      | yleandro the Gnoll Wanderer began the quest for the Orb.
     0 | D:1      | yleandro set off with the following items: a +2 mace, a
                  | potion of curing, a +0 robe; and the following spell
                  | memorised: Freeze; and the following spells available to
                  | memorise: Ozocubu's Armour
     0 | D:1      | Reached XP level 1. HP: 17/17 MP: 6/6
    80 | D:1      | Reached XP level 2. HP: 21/23 MP: 7/7
   891 | D:2      | Reached XP level 3. HP: 26/28 MP: 9/9
   901 | D:2      | Reached skill level 5 in Spellcasting
  1177 | D:2      | Reached skill level 1 in Invocations
  1190 | D:2      | Noticed Sigmund
  1201 | D:2      | Mangled by Sigmund

Illustrated notes

Levels and vault maps discovered:
D:1:      minmay_arrival_checkered_box, layout_basic, minivault_4
D:2:      layout_loops_ring, chequers_temple_overflow_statue_of_worship,
          chequers_ecumenical_altar_island, nicolae_ru_the_path_less_chosen,
          uniq_terence, uniq_sigmund

Skill      XL: |  1  2  3 |
---------------+----------+-----
Earth Magic    | 2 |  2.1
Spellcasting   | 5 |  5.0
Invocations    | 1 |  1.0
Fighting       | |  2.6
Short Blades   | |  0.8
Long Blades    | |  0.8
Axes           | |  0.8
Maces & Flails | |  2.6
Polearms       | |  0.8
Staves         | |  0.8
Slings         | |  0.8
Bows           | |  0.8
Crossbows      | |  0.8
Throwing       | |  2.6
Armour         | |  2.6
Dodging        | |  0.8
Stealth        | |  2.4
Shields        | |  0.8
Unarmed Combat | |  0.8
Conjurations   | |  3.7
Hexes          | |  0.5
Summonings     | |  0.5
Necromancy     | |  0.5
Translocations | |  0.5
Transmutations | |  0.5
Fire Magic     | |  0.5
Ice Magic      | |  0.5
Air Magic      | |  0.5
Poison Magic   | |  0.5
Evocations     | |  0.8

Action                   || total
-------------------------++-------
Melee: Mace              ||    50
       Bite              ||     4
  Use: Scroll            ||     1
Armor: Robe              ||    11
Dodge: Dodged            ||    47
